 Dungeon Crawl Stone Soup version 0.27.1-3-gb3d3a73c9e (webtiles) character file.

Game seed: 13469329119630575597

953 Elvor the Conjurer (level 7, -3/40 HPs)
             Began as a Deep Elf Conjurer on Oct 6, 2021.
             Slain by Duvessa (5 damage)
             ... on level 6 of the Dungeon.
             The game lasted 00:29:04 (2719 turns).

Elvor the Conjurer (Deep Elf Conjurer)              Turns: 2719, Time: 00:29:05

Health: -3/40      AC:  9    Str:  2    XL:     7   Next: 90%
Magic:  9/19       EV: 11    Int: 31    God:
Gold:   290        SH:  0    Dex: 18    Spells: 16/19 levels left

rFire    . . .     SeeInvis .   v - +2 dagger (venom)
rCold    . . .     Faith    .   (no shield)
rNeg     . . .     Spirit   .   l - +0 leather armour
rPois    .         Reflect  .   (no helmet)
rElec    .         Harm     .   k - +0 cloak
rCorr    .         Rampage  .   m - +0 pair of gloves
Will     .....                  (no boots)
Stlth    ++........             a - amulet "Kavimp" {RegenMP Regen+ Str-2 Dex+5}
HPRegen  1.13/turn              c - +4 ring of protection
MPRegen  0.41/turn              z - +6 ring of intelligence

@: no status effects
A: no striking features
a: no special abilities


You were on level 6 of the Dungeon.
You visited 1 branch of the dungeon, and saw 6 of its levels.

You collected 342 gold pieces.
You spent 52 gold pieces at shops.

Inventory:

Hand Weapons
 n - a +0 hunting sling
 v - a +2 dagger of venom (weapon)
Missiles
 d - 130 stones
 h - 26 sling bullets
Armour
 b - a +2 scale mail of fire resistance
 k - a +0 cloak (worn)
 l - a +0 leather armour (worn)
 m - a +0 pair of gloves (worn)
Jewellery
 a - the amulet "Kavimp" (around neck) {RegenMP Regen+ Str-2 Dex+5}
   (You found it on level 4 of the Dungeon)

   [amulet of magic regeneration]

   It increases your rate of magic regeneration.
   Str:       It affects your strength (-2).
   Dex:       It affects your dexterity (+5).
   Regen:     It increases your rate of health regeneration.
 c - a +4 ring of protection (left hand)
 z - a +6 ring of intelligence (right hand)
Wands
 y - a wand of mindburst (17)
Scrolls
 i - 2 scrolls of fear
 j - 2 scrolls of vulnerability
 o - 2 scrolls of teleportation {unknown}
 p - a scroll of torment {unknown}
 q - a scroll of magic mapping {unknown}
 s - a scroll of immolation {unknown}
 u - a scroll of acquirement {unknown}
Potions
 e - 2 potions of ambrosia
 f - 2 potions of brilliance
 g - a potion of attraction
 r - a potion of lignification
 t - a potion of cancellation {unknown}
 w - a potion of haste {unknown}
 x - a potion of degeneration {unknown}


   Skills:
 * Level 2.8 Fighting
 + Level 0.9 Short Blades
 + Level 2.4 Armour
 + Level 3.1 Dodging
 + Level 3.3 Stealth
 + Level 6.6 Spellcasting
 + Level 7.3 Conjurations


You had 16 spell levels left.
You knew the following spells:

 Your Spells              Type           Power      Damage    Failure   Level
a - Magic Dart            Conj           100%       1d8       1%          1
b - Searing Ray           Conj           100%       3d7       1%          2

Your spell library contained the following spells:

 Spells                   Type           Power      Damage    Failure   Level
 Dazzling Flash           Conj/Hex       66%        N/A       6%          3
 Fulminant Prism          Conj/Hex       16%        3d11      22%         4
 Iskenderun's Mystic Bla  Conj/Tloc      33%        2d8       22%         4


Dungeon Overview and Level Annotations

Branches:
Dungeon (6/15)
 Temple: D:4-7

Altars:

Shops:
D:2 *   D:3 =   D:4 =

Annotations:
D:4 2 transporters, Linguinho's ghost, amateur GrFi
D:6 Duvessa


Message History

There is a stone staircase leading up here.
Aiming: Searing Ray (safe; 1% risk of failure)
Press: ? - help, Q - select action, (/) - cycle Shift-Dir - straight line, f - orc
Aim: an orc, wielding a +0 hand axe (83% to hit)
The searing ray hits the orc!
You kill the orc! (Press . to maintain the ray.) Restarting spell: Searing Ray (safe; 1% risk of failure)
Press: ? - help, Q - select action, (/) - cycle Shift-Dir - straight line, f - Dowan
Aim: Dowan, wielding a +0 club and wearing a +0 robe (76% to hit)
The searing ray hits Dowan!
Dowan is heavily wounded. (Press . to maintain the ray.)
The searing ray hits Dowan!
Dowan is almost dead.
The searing ray hits Dowan!
You kill Dowan!
You hear a distant scream of rage.
Restarting spell: Searing Ray (safe; 1% risk of failure)
Press: ? - help, Q - select action, (/) - cycle Shift-Dir - straight line, f - orc priest
Aim: an orc priest, wielding a +0 hand axe and wearing a +0 ring mail (85% to hit)
The searing ray hits Duvessa!
Duvessa is heavily wounded.
The searing ray hits the orc priest!
The orc priest is almost dead. (Press . to maintain the ray.) Duvessa goes berserk!
Duvessa hits you with a +3 rapier of protection!
The orc priest mumbles some strange prayers to Beogh against you.
Beogh smites you! Duvessa barely misses you.
The searing ray hits Duvessa.
Duvessa is heavily wounded.
The searing ray hits the orc priest.
You kill the orc priest!
Duvessa hits you with a +3 rapier of protection!
* * * LOW HITPOINT WARNING * * *
Duvessa hits you with a +3 rapier of protection!
* * * LOW HITPOINT WARNING * * *
Duvessa hits you with a +3 rapier of protection.
You die...

######.....e#
...........
........)#######
......(.........
######...)######..
#.(.)........
#.....####...
#.##e.......#
#.#@...##....
#.#..(......#
#.#...####...
#..... . #..####
#... #.## #..


You could see Duvessa (berserk).

Vanquished Creatures
  A water moccasin (D:5)
  A sky beast (D:5)
  A phantom (D:5)
  A gnoll sergeant (D:5)
  A scorpion (D:4)
  Dowan (D:6)
  A crimson imp (D:4)
  2 hounds
  An orc priest (D:6)
  Crazy Yiuf (D:5)
  A centaur skeleton (D:5)
  A gnoll shaman (D:4)
  2 iguanas
  2 orc wizards
  A hound skeleton (D:4)
  5 gnolls (D:4)
  4 adders
  3 white imps
  2 ufetubi
  2 worms
  2 dart slugs
  11 orcs
  3 ball pythons
  9 endoplasms
  3 giant cockroaches
  4 goblins
  7 hobgoblins
  7 kobolds
  4 quokkas
  2 bats (D:2)
  2 frilled lizards
  3 rats
91 creatures vanquished.

Notes
Turn   | Place    | Note
-------+----------+-------------------------------------------
     0 | D:1      | Elvor the Deep Elf Conjurer began the quest for the Orb.
     0 | D:1      | Reached XP level 1. HP: 10/10 MP: 6/6
   146 | D:1      | Reached XP level 2. HP: 15/15 MP: 0/8
   149 | D:1      | Learned a level 2 spell: Searing Ray
   238 | D:1      | Reached skill level 5 in Conjurations
   489 | D:2      | Reached XP level 3. HP: 19/19 MP: 6/9
   735 | D:2      | Found Fekleont's General Store.
   743 | D:2      | Bought a scroll of identify for 26 gold pieces
   743 | D:2      | Bought a scroll of identify for 26 gold pieces
  1055 | D:3      | Reached XP level 4. HP: 23/24 MP: 2/11
  1180 | D:3      | Found Itemoklo's Jewellery Shop.
  1297 | D:3      | Found a faded altar of an unknown god.
  1580 | D:4      | Found a transporter.
  1590 | D:4      | Reached XP level 5. HP: 25/28 MP: 6/13
  1593 | D:4      | Reached skill level 6 in Conjurations
  1612 | D:4      | Reached skill level 1 in Fighting
  1620 | D:4      | Noticed Linguinho's ghost (amateur GrFi)
  1621 | D:4      | Found a transporter.
  1625 | D:4      | Found Taghuus's Jewellery Boutique.
  1792 | D:4      | Reached skill level 1 in Armour
  1792 | D:4      | Reached skill level 5 in Spellcasting
  1792 | D:4      | Reached XP level 6. HP: 34/34 MP: 5/15
  2000 | D:4      | Identified the +6 dire flail of Disarray {vorpal, Fragile
                  | rElec rPois Will+}
  2115 | D:4      | Identified the amulet "Kavimp" {RegenMP Regen+ Str-2 Dex+5}
  2173 | D:5      | Entered Level 5 of the Dungeon
  2188 | D:5      | Noticed a sky beast
  2198 | D:5      | Killed a sky beast
  2315 | D:5      | Found a runed translucent door.
  2316 | D:5      | Noticed Crazy Yiuf
  2321 | D:5      | Killed Crazy Yiuf
  2433 | D:5      | Reached XP level 7. HP: 40/40 MP: 15/17
  2483 | D:5      | Reached skill level 7 in Conjurations
  2703 | D:6      | Noticed Duvessa
  2703 | D:6      | Noticed Dowan
  2716 | D:6      | Killed Dowan
  2719 | D:6      | HP: 2/40 [Duvessa (7)]
  2719 | D:6      | Slain by Duvessa

Illustrated notes

Levels and vault maps discovered:
D:1:      dpeg_arrival_round_b, layout_basic
D:2:      layout_rooms, serial_shops, shop
D:3:      layout_basic, serial_shops, shop,
          hellmonk_ecumenical_altar_arch_garden
D:4:      layout_cave_pools, serial_shops, nicolae_square_shop,
          gammafunk_ghost_smash, serial_park, serial_park_tiny_2,
          serial_park_square1 [serial_park_minivault_5x5_5], serial_park_tiny_1,
          serial_park_square3 [serial_park_minivault_5x5_3],
          minmay_fire_ice_demons
D:5:      kennysheep_spiral_hall, layout_rooms, grunt_ministairs_2,
          uniq_crazy_yiuf_cottage
D:6:      layout_basic, minmay_misc_feat_more_columns, uniq_duvessa

Skill      XL: |  1  2  3  4  5  6  7 |
---------------+----------------------+-----
Conjurations   | 5 6 7 |  7.3
Spellcasting   | 4 5 6 |  6.6
Fighting       | 1 2 |  2.8
Stealth        | 3 |  3.3
Armour         | 1 2 |  2.4
Dodging        | 3 |  3.1
Short Blades   | |  0.9

Action                   |  1- 3 |  4- 6 |  7- 9 || total
-------------------------+-------+-------+-------++-------
Melee: Dagger            |    15 |     3 |       ||    18
 Cast: Magic Dart        |    56 |    30 |    14 ||   100
       Searing Ray       |     8 |    19 |    12 ||    39
  Use: Scroll            |     4 |     2 |       ||     6
Armor: Robe              |     2 |       |       ||     2
       Leather armour    |     8 |     2 |       ||    10
Dodge: Dodged            |    15 |     3 |     5 ||    23
